 Dungeon Crawl Stone Soup version 0.26.1-2-gb8aa6d0cf2 (webtiles) character file.

Game seed: 7930215329148962502

54 hobsini the Skirmisher (level 4, -1/34 (35) HPs)
             Began as a Human Fighter on Feb 13, 2021.
             Succumbed to Crazy Yiuf's poison
             ... on level 2 of the Dungeon.
             The game lasted 00:08:42 (1423 turns).

hobsini the Skirmisher (Human Fighter)              Turns: 1423, Time: 00:08:42

HP:   -1/34 (35)    AC:  6    Str: 18    XL:     4   Next: 12%
MP:   4/4           EV:  7    Int:  8    God:
Gold: 62            SH:  9    Dex: 12    Spells: 3/3 levels left

rFire    . . .     SeeInvis .   a - +0 long sword
rCold    . . .     Faith    .   c - +0 kite shield
rNeg     . . .     Spirit   .   b - +0 scale mail
rPois    .         Reflect  .   (no helmet)
rElec    .         Harm     .   (no cloak)
rCorr    .         Rampage  .   (no gloves)
Will     .....                  (no boots)
Stlth    ..........             (no amulet)
HPRegen  0.11/turn              (no ring)
MPRegen  0.09/turn              (no ring)

@: lethally poisoned (-1 -> -29), lightly drained
A: no striking features
a: no special abilities


You were on level 2 of the Dungeon.
You visited 1 branch of the dungeon, and saw 2 of its levels.

You collected 62 gold pieces.

Inventory:

Hand Weapons
 a - a +0 long sword (weapon)
 r - a +0 rapier
 v - a +0 mace
 w - a +0 mace
 x - a +0 mace
 B - a +0 mace
 C - a +0 mace
 D - a cursed -2 mace
 E - a +0 mace
 F - a +0 mace
Missiles
 p - 7 javelins (quivered)
 A - 18 poisoned darts
Armour
 b - a +0 scale mail (worn)
 c - a +0 kite shield (worn)
 h - a +0 ring mail
 y - a +0 chain mail
Scrolls
 e - 2 scrolls of fog {unknown}
 f - 4 scrolls of remove curse {unknown}
 g - 2 scrolls of teleportation {unknown}
 k - a scroll of amnesia {unknown}
 m - a scroll of identify {unknown}
 n - a scroll of fear {unknown}
 o - a scroll of magic mapping {unknown}
 s - a scroll of blinking {unknown}
 t - 2 scrolls of enchant weapon {unknown}
Potions
 d - a potion of might
 i - a potion of ambrosia {unknown}
 j - 2 potions of haste {unknown}
 l - a potion of curing {unknown}
 q - a potion of invisibility {unknown}
 u - a potion of attraction {unknown}
 z - a potion of mutation {unknown}


   Skills:
 + Level 3.5 Fighting
 + Level 2.6 Long Blades
 + Level 3.3 Armour
 + Level 0.7 Dodging
 + Level 3.3 Shields


You had 3 spell levels left.
You didn't know any spells.
Your spell library was empty.

Dungeon Overview and Level Annotations

Branches:
Dungeon (2/15)

Altars:

Annotations:
D:2 Crazy Yiuf


Message History

Crazy Yiuf hits you with a +2 quarterstaff of chaos.
You are poisoned.
You hit Crazy Yiuf.
Crazy Yiuf is heavily wounded.
You feel sick. You block Crazy Yiuf's attack.
You hit Crazy Yiuf but do no damage.
Crazy Yiuf is heavily wounded.
You feel sick. You block Crazy Yiuf's attack.
Crazy Yiuf hits you with a +2 quarterstaff of chaos!
* * * LOW HITPOINT WARNING * * *
You are more poisoned.
You barely miss Crazy Yiuf.
Crazy Yiuf is heavily wounded.
* * * LOW HITPOINT WARNING * * *
You feel very sick.
Crazy Yiuf grits, "Snower arm stair!"
You block Crazy Yiuf's attack.
You hit Crazy Yiuf.
Crazy Yiuf is heavily wounded.
You die...

..........#
#.####
..##.##.#.#
#....#
#.##.##.#.#
#.##.#
#.......#.#
##### #.##.#
#.#...###.##
#).)# #.##.#
#.#........#
#)))# #.##.#
#.#...###..#
))) #.##.#
#.##.## ####
#g# #.##.#
#.##.# ♣♣@♣
##.##.#
#.##.# ♣)♣♣
#.).#.#
#.##.# ♣♣)♣
###.#.#
#.##.# ♣.♣♣
#...#.#
#.##.######
♣♣.♣♣
#####.#
#.##....<.#
♣...♣♣
#####.#
..#######.#
♣....♣
#.....# ###
#.# #....#
####### #.#
#....#


You could see Crazy Yiuf.

Vanquished Creatures
  An adder (D:2)
  A worm (D:2)
  2 dart slugs
  A leopard gecko (D:2)
  2 giant cockroaches
  2 goblins (D:1)
  8 hobgoblins
  3 jackals (D:1)
  3 kobolds
  A quokka (D:2)
  4 bats
  3 frilled lizards
  3 rats
34 creatures vanquished.

Notes
Turn   | Place    | Note
-------+----------+-------------------------------------------
     0 | D:1      | hobsini the Human Fighter began the quest for the Orb.
     0 | D:1      | Reached XP level 1. HP: 18/18 MP: 1/1
   211 | D:1      | Reached XP level 2. HP: 24/24 MP: 2/2
   543 | D:1      | Reached XP level 3. HP: 27/29 MP: 3/3
  1200 | D:2      | Reached XP level 4. HP: 35/35 MP: 4/4
  1411 | D:2      | Found a runed translucent door.
  1413 | D:2      | Noticed Crazy Yiuf
  1423 | D:2      | Succumbed to Crazy Yiuf's poison

Illustrated notes

Levels and vault maps discovered:
D:1:      minmay_arrival_jagged, layout_loops_ring
D:2:      layout_loops_ring, uniq_crazy_yiuf_cottage

Action                   |  1- 3 |  4- 6 || total
-------------------------+-------+-------++-------
Melee: Long sword        |    99 |    27 ||   126
Armor: Scale mail        |    50 |     9 ||    59
Dodge: Dodged            |    28 |     9 ||    37
Block: Kite shield       |    58 |    19 ||    77
       Rpst.: Long sword |    12 |     5 ||    17
